 Dungeon Crawl Stone Soup version 0.17-a0-986-gf45d1aa (webtiles) character file.

104 Raurakos the Insei (level 4, -4/23 HPs)
             Began as a Vine Stalker Monk on May 11, 2015.
             Slain by Grinder (7 damage)
             ... while paralysed by Grinder
             ... on level 3 of the Dungeon.
             The game lasted 00:06:41 (2007 turns).

Raurakos the Insei (Vine Stalker Monk)              Turns: 2007, Time: 00:06:41

Health: -4/23      AC:  3    Str: 14    XL:     4   Next: 80%
Magic:  0/5        EV:  2    Int: 10    God:
Gold:   160        SH:  0    Dex: 21    Spells: 0 memorised, 3 levels left

rFire  . . .     SeeInvis .       - Unarmed
rCold  . . .     Clarity  +     j - +0 leather armour
rNeg   . . .     SustAb   .     (no shield)
rPois  .         Gourm    .     (no helmet)
rElec  .         Spirit   +     (no cloak)
rCorr  .         Warding  .     (no gloves)
rMut   .         Stasis   .     (no boots)
MR     .....                    e - amulet of clarity
Stlth  ++........               (no ring)
                                k - +4 ring of dexterity

@: paralysed, drained, not resistant to hostile enchantments, unstealthy
A: fangs 2, regeneration 1, magic shield, antimagic bite, no device heal 3, rot
immunity
a: no special abilities


You were on level 3 of the Dungeon.
You were hungry.

You visited 1 branch of the dungeon, and saw 3 of its levels.

You collected 160 gold pieces.

Inventory:

Missiles
 c - 18 stones (quivered)
 d - 2 throwing nets
Armour
 j - a +0 leather armour (worn)
Jewellery
 e - an amulet of clarity (around neck)
 k - a +4 ring of dexterity (left hand)
Scrolls
 n - a scroll of enchant armour {unknown}
 o - a scroll of immolation {unknown}
 p - a scroll of recharging {unknown}
 r - a scroll of random uselessness {unknown}
 u - a scroll of blinking {unknown}
Potions
 a - a potion of curing {unknown}
 g - a potion of magic {unknown}
 h - a potion of heal wounds {unknown}
 i - a potion of might {unknown}
 l - a potion of poison {unknown}
 m - a potion of invisibility {unknown}
 s - a potion of mutation {unknown}
Comestibles
 b - 2 bread rations
 f - 2 fruits
 q - a beef jerky
 t - a chunk of flesh


   Skills:
 - Level 2.6(2.2) Fighting
 - Level 2.4(1.9) Dodging
 - Level 2.4(1.9) Stealth
 + Level 6.0(5.5) Unarmed Combat


You had 3 spell levels left.
You didn't know any spells.

Dungeon Overview and Level Annotations

Branches:
Dungeon (3/15)

Altars:
Cheibriados

Annotations:
D:3 Grinder


Innate Abilities, Weirdness & Mutations

You have extremely sharp teeth.
Your natural rate of healing is unusually fast.
When hurt, damage is shared between your health and your magic reserves.
Your bite disrupts and absorbs the magic of your enemies.
Potions and wands cannot restore your health.
You are immune to rotting.


Message History

Grinder hits you!
You writhe in agony.
You barely miss Grinder. You punch Grinder.
Grinder is moderately wounded.
Grinder completely misses you.
You closely miss Grinder.
Grinder is moderately wounded.
Grinder gestures at you.
You suddenly lose the ability to move!
Grinder says, "Don't move a muscle."
Grinder hits you.
You writhe in agony.
* * * LOW HITPOINT WARNING * * *
Grinder says, "FISH!"
Grinder hits you but does no damage. Grinder hits you but does no damage.
Grinder hits you.
* * * LOW HITPOINT WARNING * * *
You writhe in agony.
* * * LOW HITPOINT WARNING * * *
Grinder hits you!
You die...

##...## #.# ##)....###
#.# .# .........# #<#
.### ##.....#.######.#
... ......##........#
..# #################
..# ..# #####..####
##############.5@.)....#
.............#.###..##.#
.###########.#.###..#
....................#
.#####.#####.######.#
.....<.......# ..
.......####### ##.
.#.....# # .......#


You could see Grinder.

Vanquished Creatures
  Natasha (D:3)
  3 adders
  An ooze (D:1)
  2 worms
  2 hobgoblins (D:2)
  A quokka (D:2)
  5 bats
  A giant cockroach (D:2)
  2 giant geckos
  2 giant newts
  7 goblins
  7 jackals
  6 kobolds
  9 rats
49 creatures vanquished.

Notes
Turn   | Place    | Note
--------------------------------------------------------------
     0 | D:1      | Raurakos the Vine Stalker Monk began the quest for the Orb.
     0 | D:1      | Reached XP level 1. HP: 11/11 MP: 2/2
   227 | D:1      | Reached XP level 2. HP: 14/16 MP: 3/3
   887 | D:2      | Reached XP level 3. HP: 19/19 MP: 4/4
   901 | D:2      | Reached skill level 5 in Unarmed Combat
  1307 | D:2      | Reached XP level 4. HP: 21/23 MP: 5/5
  1834 | D:3      | Found a snail-covered altar of Cheibriados.
  1893 | D:3      | Noticed Natasha
  1909 | D:3      | Killed Natasha
  1909 | D:3      | Reached skill level 6 in Unarmed Combat
  1995 | D:3      | Noticed Grinder
  2002 | D:3      | Paralysed by Grinder for 6 turns
  2007 | D:3      | Slain by Grinder

Vault maps used:
D:1:      evilmike_arrival_hilbert_curve, st_stairs_14
D:2:      roderic_chinese_pattern_swastika
D:3:      cheibriados_altar_1, uniq_grinder, uniq_natasha

Action                   |  1- 3 |  4- 6 || total
-------------------------+-------+-------++-------
Melee: Unarmed           |    95 |    40 ||   135
Throw: Stone             |    22 |     4 ||    26
 Stab: Sleeping          |     5 |     2 ||     7
  Eat: Chunk             |     1 |     2 ||     3
